AoeStats
← Carple

Arena

505160102Analyzed
4v4 RM · 25d ago on Sep 8, 2026· 39m 28s· 8 players
Game mode
Random Map
Map size
Large (8 player)
Population
200
Speed
Normal
Resources
Standard
Victory
Conquest
Starting age
Dark Age
Ending age
Imperial Age
RankedLock teamsTeams togetherTeam positionsShared explorationLock speedFull tech treeHidden civsTurbo modeCheats
Victory
Defeat
🇲🇽 Britons · Mexico
1053
+12
🇲🇽 Cumans · Mexico
964
+15
🇲🇽 Persians · Mexico
953
+26
🇲🇽 Romans · Mexico
914
+18
🇨🇴 Turks · Colombia
964
-16
🇨🇦 Spanish · Canada
963
-16
🇻🇪 Burgundians · Venezuela
941
-44
🇨🇦 Malians · Canada
929
-14
Carple
10:28 Feudal Age
10:57 Double-Bit Axe
14:26 Loom
17:05 Castle Age
15:06 Horse Collar
16:55 Stone Mining
16:56 Gold Mining
17:56 Bow Saw
17:49 Pikeman
19:05 Forging
21:48 Squires
21:33 Arson
23:06 Scale Mail Armor
25:53 Gambesons
28:29 Husbandry
33:36 Wheelbarrow
36:19 Hand Cart
39:45 Imperial Age
39:07 Padded Archer Armor
Grimaldus
5:09 Wheelbarrow
7:52 Loom
9:09 Double-Bit Axe
12:37 Feudal Age
11:40 Horse Collar
14:48 Bow Saw
14:48 Loom
15:39 Gold Mining
21:06 Castle Age
20:11 Arson
21:20 Hand Cart
24:53 Two-Man Saw
24:17 Squires
24:10 Fletching
28:02 Stone Mining
28:49 Gold Shaft Mining
28:07 Cavalier
28:48 Husbandry
33:04 Burgundian Vineyards
33:14 Scale Barding Armor
33:11 Scale Mail Armor
33:23 Forging
37:02 Light Cavalry
xxARCON97xx
8:12 Loom
10:42 Feudal Age
11:22 Double-Bit Axe
15:58 Castle Age
22:11 Wheelbarrow
21:32 Town Watch
24:31 Forging
24:50 Scale Barding Armor
31:55 Stone Mining
31:47 Horse Collar
32:50 Treadmill Crane
35:47 Imperial Age
36:28 Bloodlines
36:25 Fletching
36:52 Heavy Camel Rider
40:28 Iron Casting
39:53 Scale Mail Armor
40:14 Chain Barding Armor
dasorux
1:39 Loom
12:07 Feudal Age
12:20 Man-at-Arms
18:14 Forging
21:30 Castle Age
22:00 Double-Bit Axe
22:00 Horse Collar
25:41 Castle Age
37:28 Bow Saw
39:40 Heavy Plow
Godga_26
10:14 Feudal Age
15:24 Castle Age
15:08 Man-at-Arms
17:04 Scale Mail Armor
17:10 Long Swordsman
36:19 Horse Collar
37:11 Ballistas
37:49 Forging
37:55 Chain Mail Armor
[SJS] rafaelgallegos
7:24 Loom
10:09 Feudal Age
14:16 Castle Age
12:11 Double-Bit Axe
12:45 Horse Collar
14:49 Wheelbarrow
15:06 Bow Saw
19:19 Heavy Plow
22:01 Fletching
22:24 Gold Mining
23:39 Bodkin Arrow
23:48 Stone Mining
24:36 Gold Shaft Mining
24:18 Padded Archer Armor
25:56 Ballistics
29:55 Imperial Age
27:42 Hand Cart
27:20 Stone Mining
27:20 Pikeman
28:01 Squires
28:26 Leather Archer Armor
30:10 Yeomen
31:25 Conscription
31:45 Bracer
33:40 Scale Mail Armor
33:51 Forging
34:43 Chain Mail Armor
34:19 Elite Longbowman
35:57 Iron Casting
35:22 Halberdier
38:54 Ring Archer Armor
38:55 Plate Mail Armor
39:25 Blast Furnace
38:33 Scale Barding Armor
38:55 Warwolf
chapu_2000
11:36 Feudal Age
9:52 Loom
15:34 Castle Age
14:52 Scale Barding Armor
15:45 Forging
22:17 Bloodlines
26:48 Iron Casting
26:52 Husbandry
28:40 Chain Barding Armor
33:11 Town Watch
I_N3wton
10:54 Feudal Age
12:58 Loom
13:49 Double-Bit Axe
22:25 Horse Collar
25:39 Castle Age
25:45 Capped Ram
32:19 Bow Saw
37:58 Heavy Plow
Connection lost

Rejoining the realm…

Still unreachable

The connection could not be restored.

Session expired

The server has moved on; the page needs a fresh start.